cohdb
Replays
Latest Replays
All Replays
Popular Replays
Top Player Replays
Match Explorer
How It Works
Community
CoH3 Stats
Reddit
Sign in to upload your games and track your stats! →
Sign in with Steam
Match 44253395
Unlisted
Match 44253395
Overview
Messages
Build Orders
End
Construct Barracks
Riflemen Squad
Riflemen Squad
Selects Advanced Infantry Battlegroup
M1 Mortar Team
Construct Medical Station
Grenade Package
Selects Convert to Ranger Squad
Infantry Support Center
Convert to Ranger Squad
Riflemen Squad
Convert to Ranger Squad
Construct Weapon Support Center
Bazooka Squad
Improved M9 Bazooka Rockets
Selects Frontline Medical Station
Bazooka Squad
Selects Artillery Observers
Convert to Ranger Squad
Survival Training
Munitions Surplus
Bazooka Squad
Bazooka Squad
Selects Infantry Assault
Selects Infantry Assault
Infantry Assault
Bazooka Squad
M1918 Browning Automatic Rifles
Bazooka Squad
Bazooka Squad
Infantry Assault
Riflemen Squad
PapaBear
风流
m4rk
series
Joraad
Webkanin
aiakira
Pawkitz
0
0
Comments
sign in to comment!
No comments posted yet!